Map: Nightshade LE

Players

Coek

  • Race: Terran Terran
  • League: Diamond
  • Spawn Location: 11:00

Unicorn - Winner!

  • Race: Protoss Protoss
  • League: Platinum
  • Spawn Location: 5:00

VOD

Have the link to the VOD?

Description

Time

  • Played on: March 3, 2020, 7:28 p.m.
  • Length: 14:42
Show
View Real Time Build Order
Export as new Build Order

Coek Terran 

Build Orders: Reaper Expand 

Get SALT Encoding   

  12  0:01  SCV  
  13  0:13  SCV  
  14  0:18  Supply Depot  
  14  0:25  SCV  
  15  0:40  SCV  
  16  0:47  Barracks  
  16  0:50  Barracks  
  16  0:52  SCV  
  16  0:54  Refinery  
  17  1:04  SCV  
  18  1:16  SCV  
  19  1:28  SCV  
  19  1:39  Reaper  
  20  1:47  Orbital Command  
  20  1:51  Command Center  
  20  2:07  Supply Depot  
  20  2:13  Marine  
  20  2:15  SCV  
  22  2:21  Factory  
  22  2:27  SCV  
  23  2:32  Refinery  
  23  2:39  SCV  
  23  2:43  Barracks Tech Lab  
  24  2:51  SCV  
  24  3:03  SCV, Orbital Command  
  25  3:10  Starport  
  25  3:15  SCV  
  25  3:17  Barracks Reactor  
  26  3:27  SCV  
  27  3:37  Siege Tank  
  27  3:40  SCV  
  31  3:45  SCV  
  30  3:49  Starport Tech Lab  
  30  3:52  Marine  
  30  3:53  Marine  
  32  4:06  Barracks  
  32  4:08  Barracks  
  32  4:16  SCV x2  
  34  4:18  Banshee, Cloaking Field  
  34  4:21  Marine  
  34  4:22  Marine  
  39  4:28  SCV x2  
  41  4:40  SCV x2, Siege Tank  
  46  4:48  Marine  
  46  4:52  Supply Depot  
  46  4:55  Marine, SCV x2  
  49  5:05  Barracks Tech Lab, Marine  
  50  5:07  SCV x2  
  50  5:13  Banshee  
  55  5:18  Supply Depot  
  55  5:19  SCV x2  
  57  5:23  Marine  
  58  5:31  SCV x2  
  60  5:40  Marine x3, Siege Tank  
  60  5:41  Barracks Tech Lab  
  66  5:44  SCV x2  
  68  5:55  Refinery  
  68  5:56  SCV x2  
  70  5:57  Marine, Refinery, Supply Depot  
  70  5:58  Marine, Banshee  
  75  6:08  SCV  
  76  6:11  SCV  
  76  6:14  Siege Tank  
  76  6:17  Marine  
  76  6:18  Marine  
  82  6:20  SCV  
  82  6:23  SCV  
  81  6:27  Marine x2  
  81  6:30  Supply Depot  
  81  6:32  SCV  
  84  6:35  Marine, SCV  
  84  6:36  Marine  
  87  6:42  Engineering Bay  
  87  6:43  Engineering Bay  
  87  6:44  SCV  
  87  6:45  Marine  
  89  6:55  Starport Reactor  
  89  6:56  Siege Tank  
  89  6:57  Marine x3  
  89  6:59  SCV x2  
  97  7:07  Command Center  
  97  7:11  SCV x2  
  99  7:44  Marine x2  
  99  7:45  Marine  
  102  7:52  Supply Depot x2  
  102  7:53  Supply Depot  
  102  8:01  Marine  
  102  8:02  Marine  
  85  8:13  SCV x2  
  85  8:14  Marine  
  85  8:15  Marine  
  85  8:19  Marine  
  86  8:20  Barracks, Marine  
  86  8:24  Supply Depot  
  86  8:25  Barracks  
  86  8:26  Barracks, Supply Depot  
  88  8:27  Barracks, Terran Infantry Armor Level 1, Terran Infantry Weapons Level 1  
  88  8:31  Armory, SCV  
  88  8:32  Marine, SCV  
  88  8:33  Orbital Command  
  91  8:35  Siege Tank  
  91  8:36  Medivac  
  91  8:37  Marine  
  90  8:58  SCV x2  
  86  9:03  Orbital Command  
  83  9:10  SCV x2  
  83  9:13  Marine x3  
  83  9:14  Marauder  
  90  9:17  Barracks Tech Lab, Barracks Reactor x2  
  90  9:18  Barracks Tech Lab  
  90  9:22  SCV  
  90  9:23  Medivac  
  90  9:24  Medivac  
  95  9:31  Marine x2  
  97  9:38  Marauder x2  
  101  9:41  Marauder, Marine  
  104  9:47  Siege Tank  
  104  9:48  Marine  
  104  9:49  Marine  
  104  9:52  SCV x2  
  111  9:58  Command Center  
  111  9:59  Marauder x2, Marine x2  
  116  10:00  Marine x2  
  116  10:01  Marauder  
  116  10:02  Marauder  
  116  10:07  Medivac x2  
  125  10:14  SCV x3  
  129  10:26  Combat Shield, SCV x3  
  129  10:27  Marine x5  
  138  10:28  Marauder  
  138  10:29  Marauder x3  
  144  10:36  Widow Mine  
  144  10:38  Marine, SCV x3  
  144  10:40  Medivac x2  
  154  10:45  Marine x3  
  154  10:47  Starport  
  157  10:53  Barracks  
  157  10:56  Marine x3, SCV x3  
  157  10:57  Marauder x4  
  171  11:01  Supply Depot  
  171  11:02  Marine, Supply Depot  
  172  11:04  Supply Depot  
  172  11:05  Refinery  
  172  11:06  Refinery  
  172  11:18  Marine x3  
  172  11:19  Marauder x4  
  172  11:22  Concussive Shells  
  172  11:25  Terran Infantry Weapons Level 2  
  183  11:26  Terran Infantry Armor Level 2  
  183  11:32  Orbital Command  
  183  11:40  Marauder  
  183  11:41  Marauder, Fusion Core, Command Center  
  183  11:46  Marine x4  
  193  11:47  Marauder  
  193  11:56  Ghost Academy  
  193  11:58  Orbital Command  
  176  12:30  Stimpack  
  166  12:38  Marine x3  
  166  12:39  Marauder x4  
  177  12:52  Enhanced Shockwaves  
  177  12:59  Ghost  
  177  13:00  Ghost x3  
  185  13:08  Planetary Fortress  
  181  13:28  Marine x5, Ghost  
  181  13:29  Marine x2  
  185  13:39  Starport Reactor, Medivac x2  
  155  13:56  SCV x3  
  155  13:57  SCV  
  154  14:05  Ghost x3  
  154  14:06  Marine x7  
  154  14:08  SCV x2, Siege Tank  
  154  14:09  SCV x2  
  180  14:21  SCV  
  180  14:22  SCV x3  
  180  14:23  Marine  
Show
View Real Time Build Order
Export as new Build Order

Unicorn Protoss - Winner!

Build Orders: 1 Gate Expand 

Get SALT Encoding   

  12  0:02  Probe  
  13  0:14  Probe  
  13  0:18  Pylon  
  14  0:26  Probe (Chrono Boost)  
  15  0:38  Gateway, Probe (Chrono Boost)  
  16  0:46  Probe (Chrono Boost)  
  16  0:49  Assimilator  
  17  0:52  Probe  
  18  1:05  Probe  
  19  1:17  Probe  
  20  1:25  Nexus  
  20  1:31  Probe  
  21  1:38  Pylon  
  21  1:46  Probe  
  22  1:47  Assimilator  
  22  1:52  Cybernetics Core  
  22  1:58  Pylon  
  22  2:03  Probe  
  23  2:13  Pylon  
  23  2:18  Probe  
  24  2:30  Adept (Chrono Boost), Probe, Gateway  
  27  2:42  Probe (Chrono Boost)  
  27  2:43  Probe (Chrono Boost)  
  29  2:52  Probe (Chrono Boost)  
  29  2:53  Probe (Chrono Boost)  
  31  2:58  Probe  
  31  3:03  Gateway  
  32  3:06  Probe  
  32  3:09  Pylon  
  32  3:11  Probe  
  34  3:18  Pylon, Probe  
  35  3:23  Probe  
  35  3:24  Robotics Facility  
  36  3:30  Probe  
  37  3:36  Probe  
  38  3:42  Probe  
  38  3:46  Warp Gate (Chrono Boost)  
  38  3:48  Probe  
  40  3:55  Stalker  
  40  3:56  Sentry x2  
  40  4:00  Probe  
  47  4:03  Pylon  
  47  4:05  Assimilator  
  47  4:07  Assimilator  
  47  4:11  Robotics Facility  
  47  4:14  Forge  
  47  4:15  Probe x2  
  47  4:16  Gateway  
  49  4:17  Shield Battery  
  49  4:33  Nexus  
  49  4:46  Immortal (Chrono Boost)  
  51  4:52  Photon Cannon  
  51  4:54  Pylon  
  51  4:56  Protoss Ground Weapons Level 1 (Chrono Boost)  
  51  4:57  Pylon  
  51  4:59  Assimilator  
  51  5:06  Twilight Council  
  51  5:09  Forge  
  51  5:11  Probe  
  51  5:12  Pylon, Probe  
  53  5:18  Immortal  
  57  5:26  Probe x2  
  59  5:29  Shield Battery  
  59  5:34  Photon Cannon  
  59  5:38  Probe  
  60  5:47  Pylon, Probe  
  60  5:49  Pylon  
  61  5:51  Sentry  
  61  5:52  Sentry  
  61  5:55  Gateway  
  65  6:05  Stalker x2  
  67  6:24  Blink (Chrono Boost)  
  65  6:26  Stalker  
  65  6:27  Stalker  
  65  6:28  Protoss Ground Armor Level 1 (Chrono Boost)  
  65  6:31  Probe  
  65  6:32  Probe x2  
  72  6:44  Gateway, Probe x3  
  72  6:47  Pylon  
  75  6:49  Sentry  
  75  6:51  Photon Cannon  
  75  6:53  Shield Battery  
  77  6:56  Observer  
  78  7:05  Protoss Ground Weapons Level 2 (Chrono Boost)  
  78  7:07  Probe  
  79  7:11  Probe  
  79  7:12  Probe  
  81  7:16  Zealot x3  
  81  7:17  Stalker  
  89  7:24  Probe x2  
  89  7:29  Observer  
  92  7:30  Immortal  
  92  7:32  Probe  
  92  7:36  Probe  
  92  7:37  Probe, Assimilator  
  99  7:41  Gateway  
  99  7:44  Shield Battery, Probe  
  99  7:46  Photon Cannon, Zealot x2  
  99  7:48  Probe  
  99  7:49  Probe  
  106  7:56  Probe  
  107  8:03  Stalker x2  
  107  8:05  Charge (Chrono Boost)  
  81  8:18  Stalker x2  
  73  8:20  Immortal x2  
  81  8:28  Pylon  
  81  8:32  Gateway, Stalker x2  
  81  8:33  Gateway  
  83  8:43  Stalker x2  
  81  8:59  Stalker x2  
  81  9:05  Probe x3  
  81  9:08  Protoss Ground Armor Level 2 (Chrono Boost)  
  84  9:14  Gateway  
  84  9:15  Gateway  
  84  9:22  Observer  
  84  9:25  Gateway  
  84  9:27  Gateway  
  84  9:29  Pylon  
  84  9:30  Stalker x2  
  88  9:33  Adept  
  88  9:34  Adept  
  92  9:39  Nexus  
  92  9:40  Observer  
  92  9:41  Observer  
  92  9:42  Pylon  
  92  9:44  Pylon  
  94  9:47  Assimilator  
  94  9:49  Assimilator  
  94  9:51  Robotics Bay  
  94  9:53  Pylon, Templar Archives  
  94  10:08  Immortal  
  94  10:09  Zealot x4  
  94  10:10  Zealot x2  
  110  10:21  Psionic Storm  
  110  10:23  Sentry x2  
  110  10:24  Sentry x2, Protoss Ground Weapons Level 3 (Chrono Boost)  
  114  10:41  Gravitic Drive (Chrono Boost)  
  114  10:47  Zealot x2  
  114  10:48  Zealot x5  
  128  10:50  Probe x2  
  128  10:51  Probe  
  128  10:52  Probe  
  132  10:59  Gateway  
  132  11:02  Probe  
  132  11:03  Probe x2  
  136  11:04  Probe  
  136  11:11  High Templar x3  
  138  11:14  Probe  
  138  11:15  Probe  
  138  11:18  Observer  
  144  11:25  Zealot x4  
  148  11:26  High Templar  
  148  11:28  High Templar  
  148  11:32  Archon  
  156  11:43  Probe x3  
  156  11:44  Probe  
  160  11:50  Nexus  
  160  11:52  Pylon  
  160  11:54  Pylon  
  160  11:55  Probe x2  
  160  11:57  Assimilator  
  160  12:00  High Templar x2  
  160  12:01  Zealot x5  
  170  12:02  Zealot, Assimilator  
  170  12:03  High Templar  
  170  12:05  Archon  
  142  12:37  Zealot  
  142  12:38  Zealot x7  
  155  12:45  Zealot x2  
  159  13:23  Zealot x5  
  159  13:24  Zealot x2  
  171  13:27  Pylon  
  171  13:30  Pylon  
  171  13:32  Pylon  
  165  13:50  Warp Prism  
  169  13:55  High Templar x2  
  169  13:56  Nexus, High Templar x6  
  169  13:57  High Templar x2  
  169  13:59  Archon, Assimilator  
  169  14:00  Archon  
  169  14:01  Archon  
  189  14:04  Assimilator  
  189  14:06  Pylon  
  189  14:08  Pylon  
  185  14:12  Pylon  
  185  14:22  Gateway  
  185  14:24  Gateway  
  185  14:25  Gateway  
  185  14:27  Gateway  
  185  14:30  Photon Cannon  
  191  14:32  Photon Cannon  
  191  14:35  Shield Battery  
Tags
 
Add a new tag
Caveats
  • Supply blocks, unpowered buildings, or Contaminate may cause inaccurate times.
  • Supply counts are checked every 10 seconds.